Map: 瑟拉斯废墟

Players

Fred

  • Race: Terran Terran

shengy - Winner!

  • Race: Zerg Zerg

VOD

Have the link to the VOD?

Description

Time

  • Played on: Nov. 20, 2015, 10:52 p.m.
  • Length: 12:19
Show
View Real Time Build Order
Export as new Build Order

Fred Terran 

Build Orders: MMM Bio 

Get SALT Encoding   

  12  0:01  SCV  
  13  0:14  Supply Depot  
  13  0:26  Refinery  
  13  0:27  SCV  
  14  0:40  Barracks  
  14  0:45  SCV  
  16  0:57  SCV  
  16  1:10  Supply Depot  
  16  1:12  SCV  
  17  1:24  SCV  
  18  1:38  Factory  
  18  1:41  Barracks  
  18  1:51  Orbital Command  
  18  1:55  Marine  
  19  2:14  Barracks Tech Lab  
  19  2:22  Factory Reactor  
  19  2:32  Starport  
  19  2:55  Barracks Reactor  
  19  2:57  SCV  
  20  3:07  Refinery  
  20  3:09  SCV  
  20  3:12  Supply Depot  
  21  3:13  Starport Reactor  
  21  3:18  Marine  
  21  3:19  Barracks  
  22  3:21  SCV  
  23  3:36  Marine  
  23  3:38  Marine x2  
  26  3:44  Barracks  
  26  3:50  Medivac  
  26  3:53  Marine  
  29  4:03  SCV  
  30  4:13  Marine  
  30  4:14  Marine  
  30  4:16  Stimpack  
  32  4:29  Factory Tech Lab  
  32  4:30  SCV  
  33  4:38  Command Center  
  33  4:42  SCV  
  33  4:45  Marine x2  
  33  4:46  Marine x3  
  33  4:47  Marine  
  39  5:01  Supply Depot  
  39  5:04  Supply Depot  
  39  5:18  Supply Depot  
  39  5:20  Supply Depot  
  39  5:22  Supply Depot, Marine x3  
  39  5:23  SCV  
  43  5:35  SCV  
  41  5:57  Liberator x2  
  36  6:07  SCV  
  36  6:10  Orbital Command  
  37  6:15  Barracks  
  37  6:16  Combat Shields  
  37  6:17  Marine x2  
  45  6:20  SCV  
  46  6:45  Marine, Command Center  
  47  6:47  Marine x2  
  49  6:58  Orbital Command  
  49  7:08  Barracks Reactor  
  49  7:09  Marine x3  
  52  7:17  Engineering Bay  
  52  7:22  SCV  
  53  7:26  SCV  
  54  7:34  SCV  
  55  7:38  SCV  
  55  7:42  Marine x3  
  55  7:43  Marine x3  
  62  7:46  Orbital Command, SCV  
  60  8:00  Marine x2  
  62  8:12  SCV  
  63  8:19  Marine x6  
  65  8:20  Bunker  
  65  8:24  SCV  
  65  8:26  Medivac  
  72  8:30  Marine x2  
  74  8:36  SCV  
  74  8:37  Terran Infantry Armor Level 1, Marine x2  
  77  8:42  SCV  
  78  8:49  SCV  
  78  8:53  Refinery  
  79  9:01  Medivac x2  
  83  9:06  Marine x2  
  83  9:07  Marine x2  
  83  9:08  SCV  
  88  9:14  Liberator  
  88  9:16  SCV  
  89  9:19  SCV  
  89  9:21  SCV  
  91  9:28  SCV  
  91  9:31  SCV, Medivac  
  98  9:33  SCV  
  99  9:58  Marine x4  
  99  9:59  Marine x2  
  99  10:15  Marine  
  99  10:16  Marine x5  
  84  10:33  Marine x2  
  84  10:34  Marine x4  
  85  10:36  Barracks  
  85  10:39  Barracks  
  85  10:44  Barracks  
  85  10:47  Marine x2  
  85  10:49  SCV  
  88  10:50  Barracks  
  88  10:51  Marine x2  
  90  11:00  Medivac x2  
  90  11:01  SCV  
  90  11:04  Marine, Command Center  
  95  11:05  Marine  
  97  11:18  Marine x2  
  97  11:22  Marine x2  
  97  11:23  SCV  
  102  11:30  Medivac x2  
  106  11:35  SCV  
  106  11:40  Marine x2  
  78  11:58  Marine  
Show
View Real Time Build Order
Export as new Build Order

shengy Zerg - Winner!

Build Orders: Hatch First, Muta Ling Bane 

Get SALT Encoding   

  12  0:01  Drone  
  13  0:08  Drone  
  14  0:17  Overlord  
  14  0:37  Drone  
  14  0:38  Drone x2  
  17  0:54  Hatchery  
  16  0:58  Drone  
  16  1:00  Drone  
  18  1:11  Overlord  
  18  1:21  Spawning Pool  
  18  1:24  Drone  
  18  1:36  Drone  
  19  1:45  Drone  
  20  1:52  Overlord  
  20  2:05  Drone  
  20  2:06  Drone  
  20  2:08  Queen  
  22  2:09  Queen  
  22  2:15  Extractor, Zergling x2  
  27  2:18  Drone  
  27  2:25  Drone  
  27  2:28  Drone  
  29  2:44  Drone  
  30  2:50  Overlord  
  31  2:51  Roach Warren, Drone x2  
  31  2:54  Queen  
  31  2:57  Drone  
  34  3:13  Drone x2  
  34  3:17  Drone  
  34  3:18  Hatchery  
  36  3:24  Drone x2  
  36  3:25  Extractor  
  37  3:30  Lair  
  38  3:41  Drone x2  
  38  3:42  Drone, Extractor  
  38  3:43  Drone  
  38  3:45  Overlord  
  40  4:01  Overlord x2  
  40  4:02  Baneling Nest, Drone x2  
  41  4:08  Spore Crawler  
  40  4:12  Drone, Spine Crawler  
  40  4:30  Roach x2  
  40  4:31  Roach  
  46  4:33  Drone  
  47  4:41  Drone x3  
  47  4:44  Drone x4  
  47  4:45  Extractor, Centrifical Hooks  
  53  4:50  Metabolic Boost  
  53  5:03  Drone  
  53  5:04  Drone x2  
  56  5:14  Queen  
  56  5:15  Drone x3  
  56  5:16  Ravager  
  56  5:20  Burrow  
  62  5:24  Overseer  
  62  5:30  Zergling x2  
  62  5:32  Zergling x14  
  70  5:38  Ravager x2  
  61  6:17  Drone  
  62  6:18  Drone x2  
  62  6:19  Drone x9  
  62  6:21  Overlord x3  
  73  6:33  Extractor  
  73  6:34  Spire  
  73  6:36  Roach  
  73  6:39  Roach  
  75  6:42  Glial Reconstitution  
  75  6:48  Evolution Chamber x2, Drone x3  
  75  6:49  Evolution Chamber, Overlord x3  
  75  6:58  Drone x4  
  75  7:00  Extractor  
  78  7:05  Drone x3, Infestation Pit  
  78  7:06  Drone x2  
  78  7:07  Drone x3  
  85  7:11  Baneling x2  
  85  7:12  Baneling x2, Hatchery  
  84  7:23  Ravager x2  
  86  7:37  Zerg Melee Weapons Level 1, Zerg Ground Armor Level 1  
  86  7:38  Zerg Missile Weapons Level 1  
  84  7:58  Hive  
  81  8:10  Overseer  
  81  8:11  Overseer  
  81  8:13  Overlord x3  
  81  8:15  Mutalisk  
  81  8:16  Mutalisk x5  
  81  8:17  Mutalisk x2  
  97  8:22  Zergling x2  
  97  8:23  Zergling x10  
  97  8:24  Zergling x10  
  108  8:29  Drone x3  
  108  8:30  Drone x2  
  113  8:49  Spine Crawler  
  113  8:50  Spine Crawler  
  113  8:52  Extractor, Drone x3  
  113  8:53  Drone x2  
  115  8:58  Hatchery  
  114  9:02  Neural Parasite  
  114  9:04  Drone, Infestor x4  
  123  9:11  Extractor  
  122  9:18  Drone x3  
  125  9:26  Baneling  
  125  9:27  Baneling x7  
  125  9:28  Baneling x4  
  125  9:36  Spore Crawler  
  124  9:39  Queen  
  124  9:44  Adrenal Glands  
  126  9:46  Zerg Melee Weapons Level 2  
  126  10:15  Hatchery  
  126  10:16  Extractor  
  126  10:17  Extractor  
  106  10:33  Drone x3  
  108  10:38  Spine Crawler  
  108  10:40  Spine Crawler  
  106  10:46  Viper x3  
  115  10:50  Roach  
  115  10:51  Roach x2  
  115  10:52  Roach x10  
  115  10:53  Roach x8  
  157  11:20  Pathogen Glands  
Tags
 
Add a new tag
Caveats
  • Supply blocks, unpowered buildings, or Contaminate may cause inaccurate times.
  • Supply counts are checked every 10 seconds.